 Dungeon Crawl Stone Soup version 0.28.0-53-g5a82cb258f (webtiles) character file.

Game seed: 15286386426180738522

1679 unlimited1921 the Magician (level 9, -1/56 HPs)
             Began as a Djinni Fire Elementalist on Aug 5, 2022.
             Was an Initiate of Qazlal.
             Slain by an unseen horror (4 damage)
             ... on level 7 of the Dungeon.
             The game lasted 00:36:43 (13069 turns).

unlimited1921 the Magician (DjFE)                  Turns: 13069, Time: 00:36:44

Health: -1/56      AC:  6    Str:  7    XL:     9   Next: 21%
Gold:   410        EV: 11    Int: 25    God:    Qazlal [......] SH:  0 Dex: 15

rFire   + + .      SeeInvis .   z - +4 dagger "Morg" {pain, Will+ Int+5}
rCold   x . .      Faith    .   (no shield)
rNeg    . . .      Spirit   .   v - +0 leather armour "Pudghim" {Slay+2}
rPois   ∞          Reflect  .   D - +0 helmet
rElec   .          Harm     .   F - +0 cloak
rCorr   .          Rampage  .   i - +0 pair of gloves
Will    +....                   (boots unavailable)
Stlth   ++........              (no amulet)
HPRegen 0.18/turn               (no ring)
MPRegen 0.00/turn               (no ring)

@: flying
A: sickness immunity, fire resistance 2, cold vulnerability 1, float, innate
caster, HP casting, extra vitality 1
a: Renounce Religion


You were on level 7 of the Dungeon.
You worshipped Qazlal.
Qazlal was noncommittal.
You visited 2 branches of the dungeon, and saw 8 of its levels.

You collected 410 gold pieces.

Inventory:

Hand Weapons
 h - a +2 whip of flaming
 n - a +0 rapier
 p - a +0 vorpal hand axe
 z - the +4 dagger "Morg" (weapon) {pain, Will+ Int+5}
   (You found it on level 5 of the Dungeon)

   In the hands of one skilled in necromantic magic, it inflicts extra damage on
   living creatures.
   Your inability to study Necromancy prevents you from drawing on the full
   power of this weapon.
   Int:       It affects your intelligence (+5).
   Will:      It increases your willpower.
Missiles
 b - 112 stones
 d - 17 sling bullets
 e - 68 bolts
 w - 6 poisoned darts
Armour
 i - a +0 pair of gloves (worn)
 o - a +0 hat
 v - the +0 leather armour "Pudghim" (worn) {Slay+2}
   (You found it on level 4 of the Dungeon)

   Slay:      It affects your accuracy & damage with ranged weapons and melee
   (+2).
 x - a +0 ring mail
 D - a +0 helmet (worn)
 F - a +0 cloak (worn)
Wands
 C - a wand of paralysis (13)
Scrolls
 a - a scroll of noise {unknown}
 c - a scroll of holy word
 f - a scroll of fog
 q - 3 scrolls of enchant armour {unknown}
 r - a scroll of fear
 t - 3 scrolls of teleportation
 u - a scroll of amnesia
 y - a scroll of blinking
 G - a scroll of vulnerability {unknown}
Potions
 g - 2 potions of berserk rage {unknown}
 j - a potion of brilliance {unknown}
 k - 2 potions of curing
 l - a potion of mutation {unknown}
 s - a potion of cancellation
 A - 2 potions of resistance
 B - 3 potions of lignification
 E - a potion of ambrosia {unknown}


   Skills:
 + Level 0.5(0.2) Fighting
 + Level 0.3(0.1) Short Blades
 + Level 1.2(0.6) Maces & Flails
 + Level 3.9(1.9) Armour
 + Level 3.1(1.5) Dodging
 + Level 3.1(1.5) Stealth
 + Level 7.6(3.8) Spellcasting


You couldn't memorise any spells.
You knew the following spells:

 Your Spells              Type           Power      Damage    Failure   Level
a - Foxfire               Conj/Fire      92%        2x1d8     2%          1
b - Scorch                Fire           46%        2d7       4%          2
c - Conjure Flame         Conj/Fire      23%        6-21      9%          3
d - Inner Flame           Hex/Fire       23%        N/A       9%          3
e - Flame Wave            Conj/Fire      23%        2d7       28%         4
f - Pain                  Necr           92%        1d8       2%          1
g - Call Imp              Summ           23%        N/A       4%          2
h - Call Canine Familiar  Summ           23%        N/A       9%          3
i - Anguish               Hex/Necr       11%        N/A       28%         4
Your spell library was empty.

Dungeon Overview and Level Annotations

Branches:
Dungeon (7/15)             Temple (1/1) D:4

Altars:
Ashenzari
Cheibriados
Elyvilon
Fedhas
Gozag
Hepliaklqana
Kikubaaqudgha
Makhleb
Nemelex Xobeh
Okawaru
Qazlal
Sif Muna
Trog
Uskayaw
Vehumet
Wu Jian
Xom
Zin
The Shining One


Innate Abilities, Weirdness & Mutations

You are immune to sickness and miasma.
You are immune to poison.
Your flesh is very heat resistant. (rF++)
You are vulnerable to cold. (rC-)
You float through the air rather than walking.
You learn spells naturally, not from books.
Your magical power is your life essence.
You have superior vitality. (+4 MHP)


Message History

Something hits your hound!
Something hits your hound but does no damage.
Your hound barely misses something.
You see here a +0 morningstar.
Something hits you but does no damage.
Your hound closely misses something.
Casting: Call Canine Familiar (dangerous; 9% risk of failure)
Confirm with . or Enter, or press ? or * to list all spells.
You conjure some foxfire!
* * * LOW HITPOINT WARNING * * *
The foxfire hits something but does no damage.
Your hound bites something.
Something hits you.
* * * LOW HITPOINT WARNING * * *
Your hound closely misses something.
Your foxfire dissipates!
Something hits you!
* * * LOW HITPOINT WARNING * * *
Your hound barely misses something.
You see here a +0 morningstar.
Blink to where?
Press: ? - help, Dir - move target
Okay, then.
You feel much better. Something hits you!
Your hound closely misses something.
Something closely misses your hound.
Your hound bites something.
You hit something. Something hits you but does no damage.
Your hound bites something.
Something barely misses your hound.
You closely miss something. Something hits you. Something hits your hound.
Your hound bites something but does no damage.
Your hound barely misses something.
Something hits you.
* * * LOW HITPOINT WARNING * * *
Something hits you.
* * * LOW HITPOINT WARNING * * *
Your hound bites something.
You hit something. Something hits you.
* * * LOW HITPOINT WARNING * * *
Something hits you but does no damage.
Your hound bites something but does no damage.
Your hound bites something.
You puncture something! Something hits you.
You die...

#....# #. #####
#.##.###### #. .....#
#.##.#....# #.
......##.##.#....# #.
.........##.#....######.
...>....................
F.......................
....#.h...#....#######
... #@#####........... #
#)# #.....###### #.#
#.....# ####.#
#.....#### #....#
+........### #.####
#....###.... # ###'##
#.... #.####....
#.[.......


You could see a friendly hound (summoned).

Vanquished Creatures
  Menkaure (D:5)
  A hornet zombie (D:7)
  A black bear (D:7)
  An ice beast (D:5)
  2 necrophages
  2 ogres
  A phantom (D:7)
  4 bullfrogs
  A scorpion (D:6)
  2 bullfrog zombies
  4 hounds
  A jelly (D:6)
  3 iguanas
  A howler monkey skeleton (D:7)
  A gnoll (D:4)
  7 adders
  2 river rats (D:6)
  3 white imps
  3 ufetubi
  An adder skeleton (D:4)
  A worm (D:5)
  4 dart slugs
  9 orcs
  4 ball pythons
  5 bats
  7 endoplasms
  4 giant cockroaches
  6 goblins
  3 hobgoblins
  5 jackals
  3 kobolds
  3 quokkas
  6 frilled lizards
  12 rats
  2 butterflies (D:4)
116 creatures vanquished.

Vanquished Creatures (collateral kills)
  A crimson imp (D:5)
  A river rat (D:6)
2 creatures vanquished.

Vanquished Creatures (others)
  338 foxfires
338 creatures vanquished.

Grand Total: 456 creatures vanquished

Notes
Turn   | Place    | Note
-------+----------+-------------------------------------------
     0 | D:1      | unlimited1921 the Djinni Fire Elementalist began the quest
                  | for the Orb.
     0 | D:1      | Reached XP level 1. HP: 15/15 MP: 0/0
   326 | D:1      | Reached XP level 2. HP: 18/21 MP: 0/0
  1438 | D:1      | Reached skill level 3 in Spellcasting
  1728 | D:1      | Reached XP level 3. HP: 22/25 MP: 0/0
  1728 | D:1      | Learned a level 1 spell: Pain
  2948 | D:1      | Found a faded altar of an unknown god.
  3605 | D:2      | Reached XP level 4. HP: 25/31 MP: 0/0
  5825 | D:3      | Reached XP level 5. HP: 28/35 MP: 0/0
  5825 | D:3      | Learned a level 2 spell: Call Imp
  6483 | D:4      | Found a shimmering altar of Xom.
  6933 | D:4      | Reached skill level 4 in Spellcasting
  7079 | D:4      | Found a staircase to the Ecumenical Temple.
  7230 | Temple   | Entered the Ecumenical Temple
  7396 | Temple   | Became a worshipper of Ashenzari the Shackled
  7646 | D:4      | Reached skill level 1 in Maces & Flails
  7779 | D:4      | Noticed a bullfrog
  7785 | D:4      | Killed a bullfrog
  7786 | D:4      | Reached XP level 6. HP: 31/40 MP: 0/0
  7901 | D:4      | Found an opulent altar of Gozag.
  7962 | D:4      | Noticed an ogre
  7967 | D:4      | Killed an ogre
  7978 | D:4      | Identified the +0 leather armour "Pudghim" {Slay+2}
  8883 | D:5      | Entered Level 5 of the Dungeon
  8956 | D:5      | Reached XP level 7. HP: 41/46 MP: 0/0
  8956 | D:5      | Learned a level 3 spell: Call Canine Familiar
  9251 | D:5      | Reached skill level 5 in Spellcasting
  9505 | D:5      | Reached skill level 1 in Armour
  9673 | D:5      | Found a bloodstained altar of Trog.
  9689 | D:5      | Found the +4 dagger "Morg" {pain, Will+ Int+5}
  9711 | D:5      | Found a burning altar of Makhleb.
  9839 | D:5      | Noticed Menkaure
  9844 | D:5      | Killed Menkaure
  9845 | D:5      | Reached XP level 8. HP: 40/51 MP: 0/0
  9927 | D:5      | Found a large runed translucent door.
  9929 | D:5      | Found a large runed translucent door.
 10160 | D:5      | Reached skill level 6 in Spellcasting
 10348 | D:5      | Found a hide-covered altar of Uskayaw.
 10504 | D:5      | Found a stormy altar of Qazlal.
 10508 | D:5      | Fell from the grace of Ashenzari
 10508 | D:5      | Became a worshipper of Qazlal Stormbringer
 10606 | D:6      | Found a blossoming altar of Fedhas.
 10738 | D:6      | Found a glowing golden altar of the Shining One.
 12127 | D:7      | Reached skill level 7 in Spellcasting
 12127 | D:7      | Reached XP level 9. HP: 37/56 MP: 0/0
 12127 | D:7      | Learned a level 4 spell: Anguish
 13069 | D:7      | Slain by an unseen horror

Illustrated notes

Levels and vault maps discovered:
D:1:      dpeg_arrival_another_circle, layout_basic,
          hellmonk_ecumenical_altar_leap_of_faith, minmay_stone_trees_medium
D:2:      layout_loops_cross, minmay_statues_item
D:3:      layout_rooms, kennysheep_generic_room_15
D:4:      kennysheep_six_static_rooms, layout_rooms, xom_butterflies,
          mainiacjoe_overflow_catwalk, temple_statues,
          minmay_misc_feat_nine_boxes
D:5:      layout_basic, makhleb_grotto_becter, lemuel_crystal_altar,
          jmf_multi_god_temple2, uniq_menkaure
D:6:      layout_basic, mainiacjoe_overflow_catwalk_spiral, portal_sewer_entry_b
D:7:      layout_basic
Temple:   minmay_temple_curvy_loop

Skill      XL: |  1  2  3  4  5  6  7  8 |
---------------+-------------------------+-----
Spellcasting   | 3 4 5 7 |  7.6
Stealth        | 2 3 |  3.1
Maces & Flails | 1 |  1.2
Armour         | 1 3 |  3.9
Dodging        | 3 |  3.1
Fighting       | |  0.5
Short Blades   | |  0.3

Action                   |  1- 3 |  4- 6 |  7- 9 || total
-------------------------+-------+-------+-------++-------
Melee: Whip              |       |    18 |       ||    18
       Dagger            |       |       |    14 ||    14
       Punch             |       |       |     1 ||     1
 Cast: Foxfire           |    60 |    92 |    58 ||   210
       Scorch            |     4 |    16 |    40 ||    60
       Inner Flame       |       |    10 |    19 ||    29
       Call Canine Famil |       |       |     9 ||     9
       Call Imp          |       |       |     8 ||     8
  Use: Scroll            |       |       |     6 ||     6
       Potion            |       |       |     6 ||     6
 Stab: Sleeping          |       |     1 |       ||     1
Armor: Robe              |     2 |     8 |       ||    10
       Leather armour    |       |       |    17 ||    17
Dodge: Dodged            |     4 |    14 |    31 ||    49
